 Dungeon Crawl Stone Soup version 0.20-a0-927-g1ae2c61 (webtiles) character file.

86477 4thArraOfDagon the Spear-Bearer (level 15, -8/110 HPs)
             Began as a Mummy Hunter on Mar 29, 2017.
             Was an Initiate of Gozag.
             Incinerated by a deep elf mage (9 damage)
             ... with a sticky flame
             ... on level 1 of the Elven Halls on Mar 30, 2017.
             The game lasted 01:29:41 (22995 turns).

4thArraOfDagon the Spear-Bearer (Mummy Hunter)     Turns: 22995, Time: 01:29:41

Health: -8/110     AC: 20    Str: 18    XL:     15   Next: 41%
Magic:  24/24      EV: 11    Int: 15    God:    Gozag
Gold:   382        SH:  0    Dex: 12    Spells: 18/27 levels left

rFire    x . .     SeeInvis .   M - +13 scythe of Curses {drain, *Curse}
rCold    + . .     Gourm    .   (shield currently unavailable)
rNeg     + + +     Faith    .   j - +0 shadow dragon scales
rPois    ∞         Spirit   .   (no helmet)
rElec    .         Reflect  .   r - +0 cloak
rCorr    +         Harm     .   w - +2 pair of gloves
MR       +....                  s - +0 pair of boots
Stlth    ++........             (no amulet)
Regen    0.3/turn               i - ring of resist corrosion
MPRegen  0.2/turn               U - ring of Shadows {Umbra +Inv Stlth+}

@: liquid flames, glowing
A: no food or potions, fire vulnerability, cold resistance 1, negative energy
resistance 3, torment resistance, unbreathing, in touch with death 1
a: Potion Petition, Call Merchant, Bribe Branch, Renounce Religion, Evoke
Invisibility


You were on level 1 of the Elven Halls.
You worshipped Gozag.
Gozag was aware of your devotion.
You were not hungry.

You visited 4 branches of the dungeon, and saw 26 of its levels.
You visited 1 bazaar.

You collected 7779 gold pieces.
You spent 2840 gold pieces at shops.
You paid 4557 gold pieces to Gozag.

Inventory:

Hand Weapons
 B - the cursed +8 glaive of the Guard {elec, +Rage AC+5 SInv}
   (You bought it in a shop on level 4 of the Dungeon)

   Occasionally, upon striking a foe, it will discharge some electrical energy
   and cause terrible harm.
   It affects your AC (+5).
   It lets you see invisible.
   It lets you go berserk.
   It has a curse placed upon it.
 M - the +13 scythe of Curses (weapon) {drain, *Curse}
   (You bought it in a shop on level 1 of the Elven Halls)

   A truly terrible weapon, it drains the life of those it strikes.
   It curses itself when equipped.
Missiles
 d - 146 bolts
 J - 2 throwing nets (quivered)
Armour
 j - +0 shadow dragon scales (worn)
 r - a +0 cloak (worn)
 s - a +0 pair of boots (worn)
 w - a +2 pair of gloves (worn)
 O - the cursed +1 robe "Imoch" {Int+4, unknown}
   (You took it off a deep elf archer on level 3 of the Elven Halls)

   It affects your intelligence (+4).
   It has a curse placed upon it.
Jewellery
 b - the cursed amulet "Seafauga" {Faith rF++ rN+++ Slay-5}
   (You found it on level 15 of the Dungeon)

   [amulet of faith]

   It allows you to gain divine favour quickly.
   It affects your accuracy and damage with ranged weapons and melee attacks
   (-5).
   It greatly protects you from fire.
   It renders you almost immune to negative energy.
   It has a curse placed upon it.
 h - a cursed ring of ice
 i - a ring of resist corrosion (left hand)
 n - a cursed ring of poison resistance
 q - a +3 amulet of reflection
 y - a cursed +3 ring of intelligence
 C - a cursed ring of flight
 H - a cursed ring of wizardry
 N - a cursed -5 ring of strength
 Q - a cursed amulet of inaccuracy
 S - a cursed amulet of harm
 U - the ring of Shadows (right hand) {Umbra +Inv Stlth+}
   (You bought it in a shop on level 2 of the Orcish Mines)

   [ring of stealth]

   It lets you turn invisible.
   It makes you more stealthy.
 W - a cursed amulet of rage
Wands
 a - a wand of confusion (21/48)
 c - a wand of lightning (5/15)
 p - a wand of paralysis (1/24)
 u - a wand of scattershot (0/9)
 z - a wand of paralysis (20/24)
 D - a wand of clouds (0/9)
 E - a wand of clouds (0/9)
 F - a wand of paralysis (0/24)
 X - a wand of disintegration (13/24)
Scrolls
 e - 9 scrolls of remove curse
 f - 3 scrolls of blinking
 g - 10 scrolls of enchant armour
 k - 2 scrolls of immolation
 l - 2 scrolls of fog
 t - 3 scrolls of teleportation
 v - 5 scrolls of amnesia
 x - 2 scrolls of enchant weapon
 L - 2 scrolls of fear
 P - a scroll of identify
 V - 2 scrolls of recharging
 Y - a scroll of silence
 Z - a scroll of summoning
Books
 o - a book of Geomancy

   Spells                             Type                      Level
   a - Sandblast                      Earth                        1
   b - Passwall                       Transmutation/Earth          2
   c - Stone Arrow                    Conjuration/Earth            3
   d - Petrify                        Transmutation/Earth          4
   e - Lee's Rapid Deconstruction     Earth                        5
 A - a book of Cantrips

   Spells                             Type                      Level
   a - Confusing Touch                Hexes                        1
   b - Animate Skeleton               Necromancy                   1
   c - Summon Small Mammal            Summoning                    1
   d - Apportation                    Translocation                1
 G - a book of Battle

   Spells                             Type                      Level
   a - Infusion                       Charms                       1
   b - Shroud of Golubria             Charms/Translocation         2
   c - Song of Slaying                Charms                       2
   d - Spectral Weapon                Hexes/Charms                 3
   e - Regeneration                   Charms/Necromancy            3
 I - a book of Air

   Spells                             Type                      Level
   a - Shock                          Conjuration/Air              1
   b - Swiftness                      Charms/Air                   2
   c - Static Discharge               Conjuration/Air              3
   d - Airstrike                      Air                          4
   e - Lightning Bolt                 Conjuration/Air              5
 K - a book of Power

   Spells                             Type                      Level
   a - Iskenderun's Battlesphere      Conjuration/Charms           5
   b - Venom Bolt                     Conjuration/Poison           5
   c - Bolt of Magma                  Conjuration/Fire/Earth       5
   d - Iron Shot                      Conjuration/Earth            6
   e - Orb of Destruction             Conjuration                  7
   f - Spellforged Servitor           Conjuration/Summoning        7
 R - a book of Minor Magic

   Spells                             Type                      Level
   a - Magic Dart                     Conjuration                  1
   b - Blink                          Translocation                2
   c - Call Imp                       Summoning                    2
   d - Slow                           Hexes                        2
   e - Conjure Flame                  Conjuration/Fire             3
   f - Mephitic Cloud                 Conjuration/Poison/Air       3
 T - a book of Death

   Spells                             Type                      Level
   a - Corpse Rot                     Necromancy                   2
   b - Sublimation of Blood           Necromancy                   2
   c - Agony                          Necromancy                   5
   d - Dispel Undead                  Necromancy                   5
   e - Excruciating Wounds            Charms/Necromancy            5
   f - Bolt of Draining               Conjuration/Necromancy       5
Miscellaneous
 m - a phial of floods (inert)


   Skills:
 + Level 7.6 Fighting
   Level 2.3(9.8) Axes
 * Level 14.2(14.3) Polearms
   Level 4.7 Crossbows
 + Level 9.9 Armour
 + Level 8.4 Dodging
 - Level 0.7 Stealth
 + Level 6.5 Spellcasting
 * Level 7.2 Hexes
 * Level 6.8 Charms
 * Level 3.5 Evocations


You had 18 spell levels left.
You knew the following spells:

 Your Spells              Type           Power        Failure   Level  Hunger
a - Apportation           Tloc           #.....       95%         1    N/A
b - Spectral Weapon       Hex/Chrm       ####....     21%         3    N/A
c - Silence               Hex/Air        ###.......   100%        5    N/A

Dungeon Overview and Level Annotations

Branches:
Dungeon (15/15)            Temple (0/1) D:6            Lair (6/6) D:10
  Swamp (0/4) Lair:2        Slime (0/5) Lair:6          Orc (2/2) D:10
    Elf (3/3) Orc:2
  Snake: Lair:2-4    Spider: Lair:2-4    Vaults: D:13-14     Depths: D:15

Altars:
Ashenzari
Cheibriados
Elyvilon
Gozag
Kikubaaqudgha
Qazlal
Trog
Vehumet
Wu Jian
Yredelemnul

Shops:
D:4 (   D:6 *   D:10 [(   D:11 *   D:14 *   Orc:2 *(=!=:[   Elf:1 (   Elf:2 ?:*
Lair:1 *

Portals:
Pandemonium: Orc:2

Annotations:
D:5 Protee's ghost, novice DsFi
D:6 Dowan
D:7 galech's ghost, novice TrMo
D:8 Gastronok; galech's ghost, novice TrMo
D:11 Urug
D:13 Gorglomux's ghost, adept BaEE
Lair:2 exclusion: oklob plant
Lair:3 Nergalle
Orc:2 Donald
Elf:3 exclusion: Roxanne, Bai Suzhen; Mara; Roxanne


Innate Abilities, Weirdness & Mutations

You do not eat or drink.
Your flesh is vulnerable to fire.
You are immune to poison.
Your flesh is cold resistant. (rC+)
You are immune to negative energy. (rN+++)
You are immune to unholy pain and torment.
You can survive without breathing.
You are in touch with the powers of death.


Message History

* * * LOW HITPOINT WARNING * * *
You can't eat.
Unknown command.
Unknown command.
Put on which piece of jewellery? (? for menu, Esc to quit)
Okay, then.
You have 382 gold pieces.
Unknown command.
Put on which piece of jewellery? (? for menu, Esc to quit)
Really put on
b - the cursed amulet "Seafauga" {Faith rF++ rN+++ Slay-5}?
You remove your +3 amulet of reflection.
You are covered in liquid flames!
* * * LOW HITPOINT WARNING * * *
The deep elf mage mumbles some strange words.
Really put on
b - the cursed amulet "Seafauga" {Faith rF++ rN+++ Slay-5}?
Okay, then.
Unknown command.
You are covered in liquid flames!
You die...
Your body crumbles into a pile of gold.

#.###.#...#.#.####
#.#.###.###...... ##
##.## ### ##.#.##
#.#####.#.# #..##
#.#.#.###.# #(#.# ##.(.##
#.### #.....#
####.....### #..##)#e...#
#....:.....##...........#
####.#.#@##....... #....#
#.##e##......... .....#
#.# #E###........ .# ..#
##+ ##.# #E# ##.......
#...#.# #e# #.#.....
+.#..# #(# #..##...#
#...# #Y##.#(# #.#. #>.#
#.#.# .# ##
#...§######(e##..#


There were no monsters in sight!

Vanquished Creatures
  An ettin (D:15)
  Josephine (D:15)
  A rakshasa (D:14)
  Harold (D:10)
  An ice dragon (D:15)
  A catoblepas (Lair:6)
  4 centaur warriors
  6 tengu warriors
  3 two-headed ogres
  7 orc high priests (Orc:2)
  4 deep elf knights
  A sun demon (Orc:2)
  A gelid demonspawn (Orc:2)
  3 unseen horrors
  2 infernal demonspawn (Orc:2)
  3 deep elf archers
  6 orc knights
  A wolf spider zombie (D:13)
  Pikel (D:8)
  17 deep elf magi
  A wolf spider (D:15)
  A manticore (D:15)
  10 orc sorcerers
  3 cyclopes
  4 ugly things
  4 black mambas
  Joseph (D:7)
  A rust devil (Orc:2)
  11 spiny frogs
  3 gargoyles
  A centaur skeleton (D:15)
  5 komodo dragons
  A kobold demonologist (D:13)
  A queen bee (D:11)
  An ice devil (Orc:2)
  A troll (shapeshifter) (Elf:1)
  A red devil (Orc:2)
  5 trolls
  4 polar bears
  6 dream sheep (Lair:6)
  4 hornets (Lair:6)
  10 slime creatures
  7 hippogriffs
  An air elemental (Elf:2)
  7 wraiths
  10 spriggans (Lair:6)
  A wyvern (D:11)
  A basilisk (Lair:1)
  19 yaks
  A chaos spawn (Orc:2)
  A fire elemental (Elf:3)
  3 hungry ghosts
  Grum (D:8)
  A neqoxec (Orc:2)
  A human (Elf:3)
  2 vampire mosquitoes (D:15)
  2 wargs (Orc:2)
  A soldier ant (D:10)
  6 nagas (Lair:2)
  12 water moccasins
  2 porcupines
  An acid dragon (D:15)
  Duvessa (D:6)
  44 orc warriors
  4 ice beasts
  4 black bears (Lair:6)
  3 sky beasts
  2 necrophages
  30 wolves
  2 phantoms
  5 boggarts (Lair:6)
  13 ogres
  12 centaurs
  5 crocodiles
  15 bullfrogs
  Blork the orc (D:6)
  An earth elemental (Elf:1)
  A water moccasin zombie (D:7)
  4 scorpions
  A wyvern skeleton (D:11)
  26 killer bees
  3 howler monkeys
  3 wights (D:15)
  4 centaur zombies
  7 crimson imps
  2 bullfrog zombies
  5 hounds
  2 jellies
  2 gnoll shamans
  30 orc priests
  4 bullfrog skeletons
  8 iguanas
  Ijyb (D:3)
  26 orc wizards
  11 worker ants
  A hound zombie (D:3)
  A hound skeleton (D:8)
  A worker ant zombie (D:6)
  8 gnolls
  9 adders
  3 shadow imps
  An adder skeleton (D:7)
  4 worms
  A dart slug (D:1)
  5 leopard geckos
  67 orcs
  5 bats
  3 giant cockroaches
  6 goblins
  3 hobgoblins
  5 jackals
  6 kobolds
  A quokka (D:7)
  7 frilled lizards
  2 rats
  A plant (D:10)
646 creatures vanquished.

Vanquished Creatures (collateral kills)
  An ogre mage (D:15)
  A water elemental (Elf:2)
  A fire elemental (Elf:2)
3 creatures vanquished.

Vanquished Creatures (others)
  3 dancing weapons (Elf:2)
  A deep elf knight (Elf:2)
  3 slaves (D:8)
  An ogre (D:8)
  An iguana (D:8)
  7 fungi (Lair:6)
  5 plants
21 creatures vanquished.

Grand Total: 670 creatures vanquished

Notes
Turn   | Place    | Note
-------+----------+-------------------------------------------
     0 | D:1      | 4thArraOfDagon the Mummy Hunter began the quest for the Orb.
     0 | D:1      | Reached XP level 1. HP: 16/16 MP: 1/1
   188 | D:3      | Found an opulent altar of Gozag.
   194 | D:3      | Became a worshipper of Gozag Ym Sagoz the Greedy
   260 | D:1      | Reached XP level 2. HP: 22/22 MP: 2/2
   877 | D:2      | Reached XP level 3. HP: 27/27 MP: 3/3
  1358 | D:3      | Reached XP level 4. HP: 24/33 MP: 4/4
  1429 | D:3      | You fall through a shaft for 2 floors!
  1429 | D:5      | Entered Level 5 of the Dungeon
  1434 | D:5      | Reached skill level 1 in Axes
  1493 | D:5      | Noticed Protee's ghost (novice DsFi)
  1685 | D:4      | Found Ofikluots's Weapon Boutique.
  1997 | D:3      | Noticed Ijyb
  2001 | D:3      | Paralysed by Ijyb for 2 turns
  2006 | D:3      | Killed Ijyb
  2006 | D:3      | Reached XP level 5. HP: 36/38 MP: 5/5
  2059 | D:3      | Found a snail-covered altar of Cheibriados.
  2211 | D:3      | Reached skill level 1 in Polearms
  2559 | D:4      | Noticed an ogre
  2576 | D:4      | Noticed an ogre
  2585 | D:4      | Killed an ogre
  2585 | D:4      | Reached skill level 2 in Polearms
  2585 | D:4      | Reached XP level 6. HP: 44/44 MP: 6/6
  2998 | D:5      | Reached skill level 3 in Polearms
  3165 | D:5      | Noticed a sky beast
  3180 | D:5      | Reached skill level 4 in Polearms
  3195 | D:5      | Killed a sky beast
  3195 | D:5      | Reached XP level 7. HP: 35/50 MP: 7/7
  3319 | D:4      | Reached skill level 5 in Polearms
  3472 | D:6      | Found a shattered altar of Ashenzari.
  3630 | D:6      | Noticed Blork the orc
  3637 | D:6      | Killed Blork the orc
  3637 | D:6      | Reached skill level 1 in Armour
  3640 | D:6      | Noticed Duvessa
  3649 | D:6      | Found a radiant altar of Vehumet.
  3679 | D:6      | Found Techere's Assorted Antiques.
  3682 | D:6      | Bought a scroll labeled ALANOSHREAF for 33 gold pieces
  3682 | D:6      | Bought a scroll labeled ALANOSHREAF for 33 gold pieces
  3692 | D:6      | Found a white marble altar of Elyvilon.
  3694 | D:6      | Found a basalt altar of Yredelemnul.
  3698 | D:6      | Found an ancient bone altar of Kikubaaqudgha.
  3698 | D:6      | Found a stormy altar of Qazlal.
  3713 | D:6      | Found a staircase to the Ecumenical Temple.
  3730 | D:6      | Reached XP level 8. HP: 22/56 MP: 8/8
  3731 | D:6      | Reached skill level 6 in Polearms
  4080 | D:6      | Noticed Dowan
  4185 | D:7      | Noticed Joseph
  4419 | D:8      | Noticed galech's ghost (novice TrMo)
  4429 | D:9      | Reached skill level 7 in Polearms
  4972 | D:6      | Killed Duvessa
  5001 | D:5      | Found a bloodstained altar of Trog.
  5032 | D:5      | Reached XP level 9. HP: 46/61 MP: 9/9
  5455 | D:7      | Reached skill level 8 in Polearms
  5541 | D:4      | Bought the +8 glaive of the Guard {elec, +Rage AC+5 SInv} for 919 gold pieces
  5718 | D:8      | Noticed Gastronok
  6033 | D:7      | Noticed galech's ghost (novice TrMo)
  6048 | D:8      | Noticed Grum
  6062 | D:8      | Noticed Pikel
  6086 | D:8      | Killed Pikel
  6111 | D:9      | Noticed a troll
  6271 | D:7      | Paralysed by Joseph for 6 turns
  6283 | D:7      | Killed Joseph
  6283 | D:7      | Reached skill level 9 in Polearms
  6283 | D:7      | Reached skill level 5 in Armour
  6786 | D:8      | Noticed a troll
  6792 | D:8      | Killed a troll
  6797 | D:8      | Killed Grum
  6797 | D:8      | Reached XP level 10. HP: 33/67 MP: 10/10
  6934 | D:8      | Found an ornate altar of the Wu Jian Council.
  7056 | D:8      | Learned a level 1 spell: Apportation
  7060 | D:8      | Learned a level 3 spell: Spectral Weapon
  7134 | D:9      | Noticed a cyclops
  7141 | D:10     | Entered Level 10 of the Dungeon
  7177 | D:10     | Reached skill level 10 in Polearms
  7226 | D:10     | Found Nuorown's Armour Shoppe.
  7228 | D:10     | Found a staircase to the Orcish Mines.
  7230 | D:10     | Found Iphyhei's Weapon Shoppe.
  7291 | D:10     | Noticed a two-headed ogre
  7296 | D:10     | Killed a two-headed ogre
  7436 | D:10     | Found a white marble altar of Elyvilon.
  7436 | D:10     | Noticed Harold
  7453 | D:10     | Killed Harold
  7532 | D:10     | Found a stormy altar of Qazlal.
  7934 | D:11     | Reached skill level 11 in Polearms
  7937 | D:11     | Reached XP level 11. HP: 59/72 MP: 11/11
  8036 | D:11     | Found Yleisybefa's General Store.
  8038 | D:11     | Noticed Urug
  8048 | D:11     | Bought 3 scrolls of teleportation for 90 gold pieces
  8048 | D:11     | Bought a cursed -5 ring of strength for 20 gold pieces
  8401 | D:12     | Noticed a tengu warrior
  8401 | D:12     | Noticed a tengu warrior
  8415 | D:12     | Killed a tengu warrior
  8427 | D:12     | Killed a tengu warrior
  8644 | D:13     | Reached skill level 5 in Dodging
  8657 | D:13     | Noticed an orc knight
  8837 | D:13     | Noticed a green ugly thing
  8857 | D:13     | Killed a green ugly thing
  8857 | D:13     | Reached skill level 12 in Polearms
  8884 | D:13     | Noticed Gorglomux's ghost (adept BaEE)
  8963 | D:14     | Got a brightly glowing flail
  8964 | D:14     | Identified the +6 flail "Geakoara" {crush, rC+ MR+ Int-3 Dex+4} (You found it on level 14 of the Dungeon)
  9121 | D:14     | Noticed a deep elf mage
  9133 | D:14     | Killed a deep elf mage
  9141 | D:14     | Noticed a rakshasa
  9166 | D:15     | Entered Level 15 of the Dungeon
  9174 | D:15     | Noticed a wolf spider
  9180 | D:15     | Killed a wolf spider
  9331 | D:15     | Noticed a centaur warrior
  9445 | D:15     | Noticed an unseen horror
  9454 | D:15     | Killed an unseen horror
  9499 | D:15     | Found a basalt altar of Yredelemnul.
  9562 | D:15     | Reached XP level 12. HP: 76/80 MP: 12/12
  9602 | D:15     | Noticed a red very ugly thing
  9602 | D:15     | Noticed an ice dragon
  9622 | D:15     | Noticed a tengu warrior
  9630 | D:15     | Killed an ice dragon
  9635 | D:15     | Killed a tengu warrior
  9860 | D:15     | Killed a centaur warrior
  9885 | D:15     | Noticed an ettin
  9914 | D:15     | Killed an ettin
  9981 | D:15     | Noticed Josephine
  9982 | D:15     | Noticed a tengu warrior
  9994 | D:15     | Killed a tengu warrior
 10000 | D:15     | Killed Josephine
 10021 | D:15     | Got a crude tin amulet
 10030 | D:15     | Identified the amulet "Seafauga" {Faith rF++ rN+++ Slay-5} (You found it on level 15 of the Dungeon)
 10114 | D:15     | Reached skill level 13 in Polearms
 10119 | D:15     | Reached skill level 5 in Fighting
 10296 | D:15     | Noticed a tengu warrior
 10297 | D:15     | Noticed a centaur warrior
 10297 | D:15     | Noticed a centaur warrior
 10325 | D:15     | Killed a tengu warrior
 10338 | D:15     | Noticed a two-headed ogre
 10346 | D:15     | Killed a two-headed ogre
 10346 | D:15     | Reached skill level 1 in Spellcasting
 10346 | D:15     | Reached skill level 1 in Hexes
 10346 | D:15     | Reached skill level 1 in Charms
 10626 | D:15     | Noticed a tengu warrior
 10643 | D:15     | Killed a tengu warrior
 10674 | D:15     | Noticed a centaur warrior
 10687 | D:15     | Killed a centaur warrior
 10687 | D:15     | Gained mutation: You are in touch with the powers of death. [Mummy growth]
 10687 | D:15     | Reached XP level 13. HP: 32/91 MP: 15/15
 11883 | D:14     | Found Arot Ece's Assorted Antiques.
 11896 | D:14     | Bought a scroll of magic mapping for 108 gold pieces
 11896 | D:14     | Bought a scroll labeled EQIASI EDWIEVU for 31 gold pieces
 12918 | Orc:1    | Entered Level 1 of the Orcish Mines
 13199 | Orc:2    | Entered Level 2 of the Orcish Mines
 13900 | Orc:2    | Found a staircase to the Elven Halls.
 14338 | Orc:1    | Paralysed by an orc sorcerer for 4 turns
 15005 | Orc:2    | Found Umpeidit's Distillery.
 15008 | Orc:2    | Found Juisinul's General Store.
 15264 | Orc:2    | Noticed Donald
 15546 | Orc:1    | Reached XP level 14. HP: 61/101 MP: 20/20
 16462 | Orc:2    | Reached skill level 5 in Hexes
 16492 | Orc:2    | Reached skill level 5 in Charms
 16869 | Orc:2    | Found Haroll's Antique Weapon Emporium.
 16869 | Orc:2    | Found Vaulo's Book Shoppe.
 16869 | Orc:2    | Found a one-way gate leading to the halls of Pandemonium.
 16898 | Orc:2    | Bought the ring of Shadows {Umbra +Inv Stlth+} for 560 gold pieces
 17131 | Orc:2    | Paralysed by an orc sorcerer for 3 turns
 17345 | D:10     | Found a staircase to the Lair.
 17579 | Lair:1   | Entered Level 1 of the Lair of Beasts
 17632 | Lair:1   | Reached skill level 5 in Spellcasting
 17901 | Lair:2   | Found a staircase to the Swamp.
 17948 | Lair:2   | Found a white marble altar of Elyvilon.
 18249 | Lair:3   | Noticed Nergalle
 18759 | Lair:6   | Entered Level 6 of the Lair of Beasts
 18792 | Lair:6   | Found a staircase to the Slime Pits.
 18999 | Lair:6   | Reached skill level 14 in Polearms
 19531 | Lair:6   | Reached skill level 1 in Evocations
 19802 | Lair:6   | Learned a level 5 spell: Silence
 20768 | Lair:2   | Reached XP level 15. HP: 76/108 MP: 24/24
 20913 | Lair:1   | Bought a scroll of identify for 76 gold pieces
 21455 | Elf:1    | Entered Level 1 of the Elven Halls
 21566 | Elf:1    | Found Daublyv's Weapon Shop.
 21592 | Elf:1    | Bought the cursed +13 scythe of Curses {drain, *Curse} for 880 gold pieces
 21692 | Elf:2    | Found Teinkim's Book Boutique.
 21743 | Elf:2    | Found Kugo Sea's Magic Scroll Shoppe.
 21779 | Elf:2    | Bought a scroll of teleportation for 45 gold pieces
 21779 | Elf:2    | Bought a scroll of teleportation for 45 gold pieces
 21845 | Elf:3    | Entered Level 3 of the Elven Halls
 21859 | Elf:3    | Found a flickering gateway to a bazaar.
 21859 | Elf:3    | Noticed Bai Suzhen
 21876 | Elf:3    | Noticed Mara
 21953 | Elf:2    | HP: 2/108 [deep elf mage/bolt of lightning (26)]
 22130 | Elf:3    | Noticed Roxanne
 22214 | Bazaar   | Entered a bazaar
 22228 | Bazaar   | Found Suit's Assorted Antiques.
 22228 | Bazaar   | Found Cahothau's Armour Shoppe.
 22249 | Bazaar   | Found Cihasets's Antique Weapon Emporium.
 22264 | Bazaar   | Found Erphuguo's Gadget Emporium.
 22264 | Bazaar   | Found Rumeas's Gadget Shoppe.
 22277 | Bazaar   | Found Tedolo's Food Emporium.
 22277 | Bazaar   | Found Sots's Antique Weapon Shoppe.
 22333 | Elf:3    | Got a bloodstained robe
 22529 | Elf:2    | Found Faloen's General Store.
 22993 | Elf:1    | HP: 3/110 [burnt (10)]
 22994 | Elf:1    | HP: 1/110 [burnt (3)]
 22995 | Elf:1    | Incinerated by a deep elf mage

Vault maps used:
D:1:      dpeg_arrival_more_subterranean_lakeside_camping, minmay_fountain_box
D:3:      old_standard_altar, grunt_gozag_statues, portal_sewer_entry_d,
          st_stairs_5, uniq_iyjb
D:4:      serial_shops, shop, moated_statue
D:5:      first_bread, basic_altar, trog_wizard
D:6:      grunt_temple_overflow_open, lemuel_doored_altar,
          minmay_temple_entry_trees, serial_shops, kennysheep_mini,
          ashenzari_altar_1, uniq_blork_the_orc, uniq_duvessa
D:7:      uniq_joseph
D:8:      marbit_many_paths, uniq_pikel, uniq_grum, uniq_gastronok
D:9:      grunt_livestock
D:10:     david_lair_shrubbed, orc_david_3, hangedman_feature_mirror,
          kennysheep_generic_room_7, uniq_harold
D:11:     serial_shops, nicolae_shop_competitors_out_of_business, special_room,
          minmay_misc_feat_ornament, grunt_decor_arrowhead, uniq_urug
D:12:     grunt_ministairs_2
D:13:     grunt_vaults_entry_fortified
D:14:     minmay_outward_triangles, serial_bayou_shore_b, serial_shops,
          nicolae_shop_overgrown_old_shop, uniq_kirke
D:15:     hangedman_depths_entry_civil_slaughter, yredelemnul_altar_generic,
          minmay_hollow_rounded_squares, uniq_josephine
Lair:2:   swamp_mist_pool, minmay_snake_entry_guardpost_medium,
          lemuel_oklob_altar
Lair:3:   special_room, minivault_26, uniq_nergalle
Lair:6:   minmay_lair_end_enchanted_forest, slime_dummy, lemuel_fruit_fields,
          serial_bayou_shore_b
Orc:1:    nicolae_orc_accident_1
Orc:2:    pf_orc_diabolical, uniq_donald
Elf:1:    serial_shops, shop, hangedman_elven_crosses_minicolossus,
          hangedman_elf_represent
Elf:2:    serial_shops, shop, shop, nicolae_shop_waterfront,
          lemuel_flamethrower_3, uniq_louise
Elf:3:    elf_hall_gauntlet_wide, serial_shops, bzr_entry_customers,
          guppyfry_elf_garden, uniq_mara, uniq_roxanne, uniq_bai_suzhen
Bazaar:   bazaar_long_row

Skill      XL: |  1  2  3  4  5  6  7  8  9 10 11 12 13 14 15 |
---------------+----------------------------------------------+-----
Crossbows      | 4 |  4.7
Axes           | 2 |  2.3
Polearms       | 2 4 5 7 9 11 12 13 14 | 14.2
Armour         | 1 3 5 6 7 8 9 |  9.9
Dodging        | 3 5 7 8 |  8.4
Fighting       | 5 6 7 |  7.6
Spellcasting   | 1 4 6 |  6.5
Hexes          | 1 4 6 7 |  7.2
Charms         | 1 4 6 |  6.8
Evocations     | 2 3 |  3.5
Stealth        | |  0.7

Action                   |  1- 3 |  4- 6 |  7- 9 | 10-12 | 13-15 || total
-------------------------+-------+-------+-------+-------+-------++-------
Melee: Short sword       |    30 |       |       |       |       ||    30
       War axe           |       |   112 |   249 |       |       ||   361
       Glaive            |       |       |    78 |   515 |  1184 ||  1777
       Scythe            |       |       |       |       |   121 ||   121
 Fire: Hand crossbow     |    51 |     3 |       |       |       ||    54
Throw: Throwing net      |       |       |       |     1 |     1 ||     2
Invok: Potion Petition   |       |       |       |     1 |     2 ||     3
       Call Merchant     |       |       |       |       |     4 ||     4
Evoke: Wand              |       |     2 |    11 |    17 |    11 ||    41
       Phial of floods   |       |       |       |       |     2 ||     2
  Use: Scroll            |     1 |     6 |     7 |     8 |    22 ||    44
 Stab: Paralysed         |       |     4 |    13 |     6 |     3 ||    26
       Sleeping          |       |       |     3 |    13 |    31 ||    47
       Distracted        |       |       |     2 |     6 |     6 ||    14
       Confused          |       |       |       |    10 |       ||    10
       Held in net/web   |       |       |       |       |     2 ||     2
       Invisible         |       |       |       |       |     1 ||     1
Armor: Leather armour    |     2 |       |       |       |       ||     2
       Chain mail        |    29 |    40 |       |       |       ||    69
       Shadow dragon sca |       |    38 |   295 |   262 |   584 ||  1179
Dodge: Dodged            |    16 |    29 |   139 |   143 |   502 ||   829
Block: Other             |       |     9 |    53 |    37 |   123 ||   222
       Reflection        |       |       |     4 |     3 |     4 ||    11
